 Dungeon Crawl Stone Soup version 0.23.2-33-g5129a83184 (webtiles) character file.

Game seed: 17130196824687545730

347 FishyPogo the Ducker (level 6, -2/47 HPs)
             Began as a Vampire Gladiator on Aug 4, 2019.
             Slain by Crazy Yiuf
             ... wielding a +3 quarterstaff of chaos
              (4 damage)
             ... while paralysed by Crazy Yiuf
             ... on level 2 of the Dungeon.
             The game lasted 00:24:08 (2790 turns).

FishyPogo the Ducker (Vampire Gladiator)            Turns: 2790, Time: 00:24:08

Health: -2/47      AC:  4    Str: 14    XL:     6   Next: 33%
Magic:  15/15      EV:  2    Int: 10    God:
Gold:   101        SH:  0    Dex: 17    Spells: 5/5 levels left

rFire    . . .     SeeInvis +   b - +1 hand axe (flame)
rCold    . . .     Gourm    .   (no shield)
rNeg     . . .     Faith    .   n - +0 leather armour
rPois    .         Spirit   .   c - +0 helmet
rElec    .         Reflect  .   (no cloak)
rCorr    +         Harm     .   (no gloves)
MR       .....                  (no boots)
Stlth    +.........             (no amulet)
HPRegen  0.35/turn              i - ring of resist corrosion
MPRegen  0.14/turn              s - ring of magical power

@: confused, paralysed, regenerating quickly, slowed
A: fangs 3, see invisible, unbreathing
a: no special abilities


You were on level 2 of the Dungeon.
You were full.

You visited 1 branch of the dungeon, and saw 2 of its levels.

You collected 101 gold pieces.

Inventory:

Hand Weapons
 a - a +0 long sword
 b - a +1 hand axe of flaming (weapon)
Missiles
 d - 3 throwing nets
 j - 82 stones (quivered)
Armour
 c - a +0 helmet (worn)
 n - a +0 leather armour (worn)
 t - a +0 buckler
Jewellery
 i - a ring of resist corrosion (left hand)
 q - an uncursed ring of ice
 s - a ring of magical power (right hand)
Scrolls
 f - 4 scrolls of remove curse {unknown}
 g - 3 scrolls of fear {unknown}
 h - a scroll of enchant armour {unknown}
 k - a scroll of enchant weapon {unknown}
 l - a scroll of teleportation {unknown}
 r - 4 scrolls of identify {unknown}
Potions
 e - 9 potions of blood
 m - a potion of magic {unknown}


   Skills:
 * Level 3.3 Fighting
 - Level 3.3 Long Blades
 * Level 2.1 Axes
 - Level 2.0 Throwing
 * Level 5.1 Dodging
 * Level 2.1 Shields


You had 5 spell levels left.
You didn't know any spells.
Your spell library was empty.

Dungeon Overview and Level Annotations

Branches:
Dungeon (2/15)

Altars:

Annotations:
D:2 Crazy Yiuf


Innate Abilities, Weirdness & Mutations

Your natural rate of healing is unusually fast.
You have razor-sharp teeth.
You have supernaturally acute eyesight. (SInv)
You can survive without breathing.


Message History

Crazy Yiuf hits you with a +3 quarterstaff of chaos.
You feel yourself slow down.
You hit Crazy Yiuf. You burn Crazy Yiuf. Your bite misses Crazy Yiuf.
Crazy Yiuf is heavily wounded.
Crazy Yiuf hits you with a +3 quarterstaff of chaos!
Crazy Yiuf barely misses you.
You hit Crazy Yiuf. You burn Crazy Yiuf.
Crazy Yiuf is severely wounded.
Crazy Yiuf barely misses you.
You closely miss Crazy Yiuf.
Crazy Yiuf is severely wounded.
Crazy Yiuf hits you with a +3 quarterstaff of chaos.
You are confused.
Crazy Yiuf hits you with a +3 quarterstaff of chaos!
* * * LOW HITPOINT WARNING * * *
You suddenly lose the ability to move!
Crazy Yiuf hits you with a +3 quarterstaff of chaos!
* * * LOW HITPOINT WARNING * * *
Crazy Yiuf freezes you.
You die...

#.# #.# #.# #.#
#.# #.# #.# #.#
#.# #.# ### ###
#.# #.####♣♣♣♣♣
#..#.#..♣.♣♣♣ ###
##########
##..).P..♣..♣#...#
#.........
#...)..♣♣♣♣@g...#
##########
##..#P♣♣ ♣♣#..)#
#..[...... ####♣♣
### ##########


You could see Crazy Yiuf.

Vanquished Creatures
  Sigmund (D:2)
  Terence (D:2)
  Natasha (thrice) (D:2)
  Robin (D:2)
  A gnoll (D:2)
  2 adders
  An ooze (D:2)
  A worm (D:2)
  3 dart slugs (D:1)
  A leopard gecko (D:2)
  4 bats
  2 giant cockroaches (D:1)
  11 goblins
  8 hobgoblins
  2 kobolds (D:1)
  4 frilled lizards
  9 rats
55 creatures vanquished.

Notes
Turn   | Place    | Note
-------+----------+-------------------------------------------
     0 | D:1      | FishyPogo the Vampire Gladiator began the quest for the
                  | Orb.
     0 | D:1      | Reached XP level 1. HP: 16/16 MP: 1/1
   174 | D:1      | Reached XP level 2. HP: 22/22 MP: 2/2
   978 | D:2      | Noticed Sigmund
  1218 | D:2      | Reached XP level 3. HP: 15/27 MP: 3/3
  1323 | D:2      | Reached skill level 4 in Dodging
  1339 | D:2      | Noticed Robin
  1946 | D:2      | Killed Sigmund
  1946 | D:2      | Reached skill level 1 in Axes
  1946 | D:2      | Reached skill level 1 in Shields
  1946 | D:2      | Reached XP level 4. HP: 3/35 MP: 4/4
  1946 | D:2      | Reached XP level 5. HP: 4/41 MP: 5/5
  2046 | D:2      | Noticed Natasha
  2057 | D:2      | Killed Natasha
  2157 | D:2      | Noticed Natasha
  2173 | D:2      | Killed Natasha
  2232 | D:2      | Noticed Natasha
  2286 | D:2      | Killed Natasha
  2286 | D:2      | Reached XP level 6. HP: 26/47 MP: 6/6
  2512 | D:2      | Noticed Terence
  2522 | D:2      | Killed Terence
  2522 | D:2      | Reached skill level 5 in Dodging
  2713 | D:2      | Killed Robin
  2780 | D:2      | Found a runed translucent door.
  2781 | D:2      | Noticed Crazy Yiuf
  2789 | D:2      | Paralysed by Crazy Yiuf for 3 turns
  2790 | D:2      | HP: 2/47 [Crazy Yiuf/+3 quarterstaff of chaos (10)]
  2790 | D:2      | Slain by Crazy Yiuf

Skill      XL: |  1  2  3  4  5  6 |
---------------+-------------------+-----
Fighting       | 2 3 |  3.3
Throwing       | 2 |  2.0
Dodging        | 4 5 |  5.1
Axes           | 1 2 |  2.1
Shields        | 1 2 |  2.1
Long Blades    | |  3.3

Action                   |  1- 3 |  4- 6 || total
-------------------------+-------+-------++-------
Melee: Long sword        |    80 |       ||    80
       Bite              |    15 |    13 ||    28
       Hand axe          |    16 |    83 ||    99
Throw: Stone             |     1 |     5 ||     6
 Abil: End Transformatio |     4 |     1 ||     5
       Bat Form          |     4 |     1 ||     5
  Use: Potion            |    12 |     4 ||    16
 Stab: Sleeping          |     2 |       ||     2
  Eat: Corpse            |     1 |       ||     1
Armor: Leather armour    |    24 |    11 ||    35
Dodge: Dodged            |    82 |    62 ||   144
       Rpst.: Long sword |    22 |       ||    22
